 Dungeon Crawl Stone Soup version 0.21.1-1-g345015f (webtiles) character file.

1095 inmateoo the Basher (level 8, -6/105 HPs)
             Began as a Minotaur Arcane Marksman on Mar 1, 2018.
             Was a Believer of Okawaru.
             Mangled by ciel's ghost (9 damage)
             ... on level 6 of the Dungeon.
             The game lasted 00:10:22 (5741 turns).

inmateoo the Basher (Minotaur Arcane Marksman)      Turns: 5741, Time: 00:10:23

Health: -6/105     AC: 26    Str: 19    XL:     8   Next: 10%
Magic:  8/8        EV:  2    Int: 15    God:    Okawaru [**....]
Gold:   244        SH:  0    Dex: 11    Spells: 8/9 levels left

rFire    . . .     SeeInvis .   (no weapon)
rCold    . . .     Gourm    .   (no shield)
rNeg     + + +     Faith    .   (armour currently unavailable)
rPois    +         Spirit   .   (helmet unavailable)
rElec    .         Reflect  .   (cloak currently unavailable)
rCorr    .         Harm     .   (gloves currently unavailable)
MR       +....     NoTele   +   (boots currently unavailable)
Stlth    +.........             (no amulet)
HPRegen  0.27/turn              h - +2 ring of protection
MPRegen  0.11/turn              k - ring of protection from magic

@: brilliant, tree-form
A: (retaliatory headbutt), strong 1
a: Heroism, Renounce Religion


You were on level 6 of the Dungeon.
You worshipped Okawaru.
Okawaru was pleased with you.
You were very hungry.
You were a tree.
You visited 2 branches of the dungeon, and saw 7 of its levels.

You collected 244 gold pieces.

Inventory:

Hand Weapons
 m - a +0 falchion of holy wrath
 s - a +2 mace of crushing
Armour
 b - a +0 pair of boots (melded)
 l - a +0 scale mail (melded)
 p - a +0 pair of gloves (melded)
Jewellery
 e - a +3 ring of protection
 h - a +2 ring of protection (left branch)
 k - a ring of protection from magic (right branch)
Wands
 a - a wand of iceblast (8)
 q - a wand of acid (4)
 u - a wand of scattershot (5)
Scrolls
 n - a scroll of identify
 r - 2 scrolls of remove curse
 w - a scroll of fog
Potions
 d - 3 potions of resistance
 i - 2 potions of magic
 j - a potion of flight
 o - a potion of lignification
Books
 c - a book of Debilitation

   Spells                             Type                      Level
   a - Corona                         Hexes                        1
   b - Slow                           Hexes                        2
   c - Inner Flame                    Hexes/Fire                   3
   d - Portal Projectile              Hexes/Translocation          3
   e - Cause Fear                     Hexes                        4
   f - Leda's Liquefaction            Hexes/Earth                  4
Comestibles
 f - 8 rations


   Skills:
 + Level 5.9 Fighting
 * Level 8.3 Maces & Flails
   Level 2.1 Crossbows
 + Level 2.6 Armour
 + Level 3.2 Dodging
 - Level 1.0 Spellcasting
 - Level 2.0 Hexes
 + Level 1.9 Invocations


You had 8 spell levels left.
You knew the following spells:

 Your Spells              Type           Power        Failure   Level  Hunger
a - Corona                Hex            ###....      1%          1    ##.....


Dungeon Overview and Level Annotations

Branches:
Dungeon (6/15)             Temple (1/1) D:4

Altars:
Ashenzari
Cheibriados
Dithmenos
Elyvilon
Fedhas
Gozag
Hepliaklqana
Kikubaaqudgha
Makhleb
Nemelex Xobeh
Okawaru
Qazlal
Ru
Sif Muna
Trog
Uskayaw
Vehumet
Wu Jian
Xom
Yredelemnul
Zin
The Shining One

Annotations:
D:3 wilfster70's ghost, amateur GnWn
D:4 exclusion: oklob sapling
D:6 ciel's ghost, novice MiFi


Innate Abilities, Weirdness & Mutations

((You reflexively headbutt those who attack you in melee.))
((You have a pair of large horns on your head.))
((You are partially covered in large bone plates. (SH +4)))
((You are partially covered in slimy green scales. (AC +2)))
Your muscles are strong. (Str +2)


Message History

Ciel's ghost is heavily damaged.
Ciel's ghost hits you but does no damage.
You smack ciel's ghost!
Ciel's ghost is heavily damaged.
Ciel's ghost hits you but does no damage.
Autopickup is now off.
Autopickup is now on.
You hit ciel's ghost.
Ciel's ghost is severely damaged.
Ciel's ghost hits you but does no damage.
You smack ciel's ghost!
Ciel's ghost is severely damaged.
Ciel's ghost hits you but does no damage.
You hit ciel's ghost.
Ciel's ghost is almost destroyed.
Ciel's ghost hits you but does no damage.
You hit ciel's ghost.
Ciel's ghost is almost destroyed.
Ciel's ghost hits you!
You die...

#.####.≈≈≈≈≈.≈##.##...†.. #.#
#≈########...##.....)
##.###.#*≈≈≈≈≈##..##......
#....#†#≈*****≈##.........
#.Z###≈#≈*∩≈**≈*####......
#...[#≈#≈***≈*≈*#.........
##.###≈#,≈≈≈**≈*#.........
#)# #≈#######≈##.........
#.####≈W♣†.≈.#*#...†.....
#....######### #.........
####.# #.(....... #.#
######......... #.#
####....#.........
#.###.##....#.........
#...........#.........
****######Z#.##....#.........
*,,..........##....#.).##...#


You could see ciel's ghost.

Vanquished Creatures
  Eustachio (D:6)
  A hornet zombie (D:6)
  A bullfrog (D:6)
  A scorpion (D:6)
  A wight (D:6)
  3 crimson imps
  3 orc priests
  A bullfrog skeleton (D:6)
  6 orc wizards
  An iguana (D:6)
  2 worker ants (D:4)
  A hound zombie (D:5)
  A gnoll (D:1)
  4 adders
  A shadow imp (D:5)
  2 oozes
  An adder skeleton (D:5)
  2 worms (D:2)
  A dart slug (D:3)
  5 leopard geckos
  36 orcs
  2 ball pythons
  7 bats
  7 giant cockroaches
  7 goblins
  7 hobgoblins
  11 jackals
  2 kobolds
  3 frilled lizards (D:2)
  3 rats (D:3)
  A plant (D:4)
125 creatures vanquished.

Vanquished Creatures (others)
  A human (D:3)
  An orc (D:6)
  A jackal (D:6)
  2 plants (D:4)
5 creatures vanquished.

Grand Total: 130 creatures vanquished

Notes
Turn   | Place    | Note
-------+----------+-------------------------------------------
     0 | D:1      | inmateoo the Minotaur Arcane Marksman began the quest for the Orb.
     0 | D:1      | Reached XP level 1. HP: 16/16 MP: 1/1
   136 | D:1      | Reached skill level 1 in Maces & Flails
   194 | D:1      | Reached XP level 2. HP: 24/24 MP: 2/2
   212 | D:1      | Reached skill level 2 in Maces & Flails
   464 | D:1      | Found a glowing golden altar of the Shining One.
   700 | D:2      | Reached XP level 3. HP: 30/30 MP: 3/3
   939 | D:2      | Reached skill level 3 in Maces & Flails
  1187 | D:3      | Noticed wilfster70's ghost (amateur GnWn)
  1496 | D:3      | Reached XP level 4. HP: 35/38 MP: 4/4
  1628 | D:3      | Found an ancient bone altar of Kikubaaqudgha.
  1629 | D:3      | Noticed a human
  1632 | D:3      | Killed a human
  2008 | D:4      | Reached skill level 4 in Maces & Flails
  2254 | D:3      | Reached XP level 5. HP: 14/45 MP: 5/5
  2639 | D:4      | Reached skill level 5 in Maces & Flails
  2779 | D:4      | Found a staircase to the Ecumenical Temple.
  2912 | Temple   | Entered the Ecumenical Temple
  2996 | Temple   | Became a worshipper of Warmaster Okawaru
  3269 | D:4      | Reached XP level 6. HP: 20/52 MP: 6/6
  3274 | D:4      | Reached skill level 6 in Maces & Flails
  3660 | D:4      | Found a shadowy altar of Dithmenos.
  3818 | D:4      | Found a blossoming altar of Fedhas.
  4074 | D:5      | Entered Level 5 of the Dungeon
  4115 | D:5      | Found a bloodstained altar of Trog.
  4869 | D:5      | Reached skill level 5 in Fighting
  4914 | D:5      | Reached skill level 7 in Maces & Flails
  4914 | D:5      | Reached XP level 7. HP: 45/61 MP: 7/7
  4918 | D:5      | Reached * piety under Okawaru
  5297 | D:6      | Noticed Eustachio
  5308 | D:6      | Killed Eustachio
  5308 | D:6      | Reached skill level 1 in Armour
  5340 | D:6      | Reached skill level 1 in Invocations
  5352 | D:6      | Found a shimmering altar of Xom.
  5354 | D:6      | Noticed ciel's ghost (novice MiFi)
  5536 | D:6      | Reached skill level 8 in Maces & Flails
  5601 | D:6      | Reached ** piety under Okawaru
  5601 | D:6      | Reached XP level 8. HP: 51/70 MP: 8/8
  5734 | D:6      | HP: 2/105 [ciel's ghost (10)]
  5735 | D:6      | Gained mutation: You are partially covered in large bone plates. (SH +4) [potion of mutation]
  5735 | D:6      | Gained mutation: You are partially covered in slimy green scales. (AC +2) [potion of mutation]
  5735 | D:6      | Gained mutation: You have a pair of large horns on your head. [potion of mutation]
  5735 | D:6      | Gained mutation: Your muscles are strong. (Str +2) [potion of mutation]
  5741 | D:6      | Mangled by ciel's ghost

Skill      XL: |  1  2  3  4  5  6  7 |
---------------+----------------------+-----
Maces & Flails | 1 2 3 4 5 7 8 |  8.3
Fighting       | 2 3 4 5 |  5.9
Armour         | 2 |  2.6
Invocations    | 1 |  1.9
Dodging        | 3 |  3.2
Crossbows      | |  2.1
Spellcasting   | |  1.0
Hexes          | |  2.0

Action                   |  1- 3 |  4- 6 |  7- 9 || total
-------------------------+-------+-------+-------++-------
Melee: Club              |    16 |       |       ||    16
       Mace              |     6 |   196 |    97 ||   299
       Headbutt          |     5 |    26 |    13 ||    44
       Unarmed           |       |       |    10 ||    10
       Punch             |       |       |     2 ||     2
 Fire: Hand crossbow     |    77 |       |       ||    77
Invok: Heroism           |       |       |     1 ||     1
  Use: Scroll            |     3 |    12 |     3 ||    18
       Potion            |       |     1 |     7 ||     8
  Eat: Chunk             |     2 |     7 |     2 ||    11
       Ration            |       |     1 |       ||     1
Armor: Ring mail         |     7 |       |       ||     7
       Scale mail        |    25 |    77 |    39 ||   141
       Skin              |       |       |    24 ||    24
Dodge: Dodged            |    36 |    94 |    63 ||   193
